AoeStats
← Dr Death Mic

Black Forest

510251406Analyzed
3v3 RM · 1d ago on Sep 30, 2026· 43m 0s· 6 players
Game mode
Random Map
Map size
Normal (6 player)
Population
200
Speed
Normal
Resources
Standard
Victory
Conquest
Starting age
Dark Age
Ending age
Imperial Age
RankedLock teamsTeams togetherTeam positionsShared explorationLock speedFull tech treeHidden civsTurbo modeCheats
Victory
Defeat
🇲🇽 Koreans · Mexico
1025
+15
🇲🇽 Lithuanians · Mexico
1006
+16
🇲🇽 Bohemians · Mexico
953
+18
🇲🇽 Varangians · Mexico
1099
-20
🇲🇽 Hindustanis · Mexico
968
-15
🇨🇳 Mongols · China
955
-41
Marcotangaloca
0:58 Loom
10:48 Feudal Age
11:20 Double-Bit Axe
13:12 Man-at-Arms
15:40 Forging
22:43 Castle Age
22:24 Horse Collar
23:08 Stone Mining
23:15 Fletching
25:28 Bow Saw
30:58 Gold Mining
32:56 Wheelbarrow
32:41 Heavy Plow
32:50 Bodkin Arrow
32:56 Padded Archer Armor
34:19 Hand Cart
39:13 Imperial Age
36:46 Treadmill Crane
37:27 Ballistics
37:16 Scale Barding Armor
37:47 Iron Casting
38:30 Stone Shaft Mining
38:43 Pikeman
40:48 Crop Rotation
41:33 Two-Man Saw
42:02 Elite Leitis
43:05 Chain Barding Armor
rodrigg2003
0:58 Loom
14:01 Feudal Age
14:28 Double-Bit Axe
18:54 Wheelbarrow
21:05 Castle Age
20:07 Stone Mining
21:02 Fletching
23:27 Hand Cart
25:03 Bow Saw
25:44 Fishing Lines
25:56 Horse Collar
28:43 Heavy Plow
28:58 Gold Mining
29:05 Bodkin Arrow
29:56 Eupseong
35:11 Imperial Age
32:29 Town Watch
34:20 Gold Shaft Mining
35:57 Bracer
36:22 Conscription
36:17 Elite War Wagon
38:13 Chemistry
37:51 Ballistics
40:11 Two-Man Saw
38:48 Elite Skirmisher
42:00 Scale Mail Armor
42:10 Forging
BlackOwl
4:52 Loom
9:59 Feudal Age
11:21 Double-Bit Axe
16:29 Castle Age
14:49 Fishing Lines
19:37 Wheelbarrow
21:31 Hand Cart
23:24 Bow Saw
27:01 Gillnets
27:30 Wagenburg Tactics
28:10 Horse Collar
31:36 Town Watch
32:21 Town Patrol
36:49 Imperial Age
35:53 Ballistics
35:32 Fletching
36:06 Masonry
36:17 Bodkin Arrow
37:06 Heavy Plow
38:33 Chemistry
37:18 Elite Hussite Wagon
38:19 Conscription
40:01 Two-Man Saw
41:13 Caravan
40:51 Houfnice
41:47 Bracer
42:43 Architecture
El viejo7335
0:27 Loom
11:24 Feudal Age
18:15 Horse Collar
24:05 Castle Age
22:55 Double-Bit Axe
23:11 Stone Mining
26:07 Husbandry
27:02 Bloodlines
27:47 Scale Barding Armor
29:06 Heavy Plow
31:49 Bow Saw
32:18 Forging
40:59 Imperial Age
39:22 Wheelbarrow
38:35 Town Watch
39:59 Chain Barding Armor
40:15 Iron Casting
42:09 Heavy Camel Rider
Dr Death Mic
7:28 Loom
11:52 Feudal Age
12:18 Double-Bit Axe
12:15 Horse Collar
13:47 Gold Mining
21:35 Castle Age
19:39 Stone Mining
21:10 Wheelbarrow
20:21 Town Watch
22:29 Heavy Plow
22:42 Bow Saw
25:36 Stone Shaft Mining
28:56 Scale Barding Armor
29:02 Forging
31:26 Iron Casting
31:11 Chain Barding Armor
32:39 Bloodlines
32:29 Husbandry
33:43 Hand Cart
36:38 Imperial Age
34:14 Fletching
37:45 Conscription
38:13 Plate Barding Armor
38:39 Blast Furnace
37:03 Heavy Scorpion
38:36 Crop Rotation
38:09 Town Patrol
39:23 Elite Jarl
?!
14:41 Feudal Age
18:28 Double-Bit Axe
24:35 Castle Age
Connection lost

Rejoining the realm…

Still unreachable

The connection could not be restored.

Session expired

The server has moved on; the page needs a fresh start.